 Dungeon Crawl Stone Soup version 0.26.1-10-gdfb7c7de75 (webtiles) character file.

Game seed: 15013005074421984146

69 DearestLeader the Sneak (level 4, -10/21 HPs)
             Began as a Spriggan Enchanter on Mar 31, 2021.
             Was an Initiate of Dithmenos.
             Blown up by Ijyb (31 damage)
             ... with a disintegration bolt
             ... on level 3 of the Dungeon.
             The game lasted 00:05:35 (2428 turns).

DearestLeader the Sneak (Spriggan Enchanter)        Turns: 2428, Time: 00:05:35

Health: -10/21     AC:  2    Str:  4    XL:     4   Next: 2%
Magic:  9/9        EV: 18    Int: 17    God:    Dithmenos [......]
Gold:   109        SH:  0    Dex: 16    Spells: 2/8 levels left

rFire    . . .     SeeInvis +   a - +1 dagger
rCold    . . .     Faith    .   (shield restricted)
rNeg     . . .     Spirit   .   b - +0 robe
rPois    .         Reflect  .   (helmet restricted)
rElec    .         Harm     .   (no cloak)
rCorr    .         Rampage  .   (gloves unavailable)
Will     .....                  (boots unavailable)
Stlth    +++.......             (no amulet)
HPRegen  0.07/turn              (no ring)
MPRegen  0.11/turn              (no ring)

@: very quick
A: very small, unfitting armour, see invisible, speed 3
a: Renounce Religion


You were on level 3 of the Dungeon.
You worshipped Dithmenos.
Dithmenos was noncommittal.
You visited 1 branch of the dungeon, and saw 3 of its levels.

You collected 109 gold pieces.

Inventory:

Hand Weapons
 a - a +1 dagger (weapon)
 e - a +0 hunting sling
Missiles
 f - 27 stones
 h - 43 sling bullets
Armour
 b - a +0 robe (worn)
 g - a +0 buckler
Scrolls
 i - a scroll of magic mapping {unknown}
 j - a scroll of amnesia {unknown}
 k - a scroll of teleportation {unknown}
Potions
 c - 2 potions of lignification {unknown}
 d - a potion of brilliance {unknown}
 l - a potion of might {unknown}


   Skills:
 * Level 3.3 Short Blades
 - Level 3.0 Dodging
 + Level 5.5 Stealth
 - Level 2.6 Spellcasting
 - Level 4.0 Hexes


You had 2 spell levels left.
You knew the following spells:

 Your Spells              Type           Power        Failure   Level
a - Corona                Hex            16%          3%          1
b - Ensorcelled Hibernat  Hex/Ice        18%          12%         2
c - Confusing Touch       Hex            15%          11%         3

Your spell library contained the following spells:

 Spells                   Type           Power        Failure   Level
 Tukima's Dance           Hex            15%          11%         3
 Dazzling Flash           Conj/Hex       18%          24%         3


Dungeon Overview and Level Annotations

Branches:
Dungeon (3/15)

Altars:
Dithmenos
Fedhas
Kikubaaqudgha
Ru
Uskayaw

Annotations:
D:3 Ijyb


Innate Abilities, Weirdness & Mutations

You are very small and have problems with some larger weapons.
You are too small for most types of armour.
You have supernaturally acute eyesight. (SInv)
You cover ground extremely quickly.


Message History

Dithmenos accepts your kill.
HP restored.
Magic restored.
Found 21 bolts.
l - a bubbling yellow potion You open the door.
There is an open door here.
Found a dagger.
You open the door.
Found an escape hatch in the ceiling.
No target in view!
No target in view!
There is an open door here.
An adder is nearby!
An adder is nearby!
Ijyb the Twisted Goblin comes into view.
She is wielding a +0 dagger and carrying a wand of disintegration (15).
Ijyb shouts!
Ijyb zaps a wand.
You are blasted!
Ouch! That really hurt!
You die...

###.....○.
......... ......°
....... ....S #..
#.g.# .
#..####.#.## ..
.#........@.##...
...(..............
#...........#....
.#....<....#.#....
...........#.... .
#..............#
##.........##.#.#
......##'### ...#
.... .
....#.##...# .#
... .


You could see Ijyb and an adder.

Vanquished Creatures
  2 adders (D:2)
  3 dart slugs
  4 leopard geckos
  6 bats
  2 giant cockroaches (D:3)
  5 goblins
  5 hobgoblins
  3 frilled lizards
  6 kobolds
  5 rats
41 creatures vanquished.

Vanquished Creatures (others)
  A hobgoblin (D:3)
1 creature vanquished.

Grand Total: 42 creatures vanquished

Notes
Turn   | Place    | Note
-------+----------+-------------------------------------------
     0 | D:1      | DearestLeader the Spriggan Enchanter began the quest for
                  | the Orb.
     0 | D:1      | Reached XP level 1. HP: 9/9 MP: 5/5
   353 | D:1      | Reached XP level 2. HP: 13/13 MP: 4/6
   382 | D:1      | Learned a level 2 spell: Ensorcelled Hibernation
  1219 | D:1      | Reached skill level 5 in Stealth
  1223 | D:1      | Reached XP level 3. HP: 16/16 MP: 5/8
  1379 | D:2      | Found a sacrificial altar of Ru.
  1748 | D:2      | Learned a level 3 spell: Confusing Touch
  2065 | D:2      | Found an ancient bone altar of Kikubaaqudgha.
  2065 | D:2      | Found a faded altar of an unknown god.
  2080 | D:2      | Found a blossoming altar of Fedhas.
  2082 | D:2      | Found a hide-covered altar of Uskayaw.
  2084 | D:2      | Found a shadowy altar of Dithmenos.
  2100 | D:2      | Became a worshipper of Dithmenos the Shadowed
  2319 | D:3      | Reached XP level 4. HP: 21/21 MP: 9/9
  2423 | D:3      | Noticed Ijyb
  2428 | D:3      | Blown up by Ijyb

Illustrated notes

Levels and vault maps discovered:
D:1:      lightli_arrival_windingriver, layout_rooms
D:2:      layout_rooms, nicolae_overflow_hidden_temple,
          chequers_temple_overflow_minitemple
D:3:      layout_basic, fiery_altar_vehumet, uniq_ijyb

Skill      XL: |  1  2  3 |
---------------+----------+-----
Short Blades   | 2 3 |  3.3
Hexes          | 4 |  4.0
Stealth        | 5 |  5.5
Dodging        | |  3.0
Spellcasting   | |  2.6

Action                   |  1- 3 |  4- 6 || total
-------------------------+-------+-------++-------
Melee: Dagger            |    96 |     2 ||    98
 Cast: Corona            |     8 |       ||     8
       Ensorcelled Hiber |    24 |     1 ||    25
 Stab: Sleeping          |    26 |     1 ||    27
       Distracted        |     1 |       ||     1
Armor: Robe              |     8 |       ||     8
Dodge: Dodged            |    75 |     1 ||    76
